 Dungeon Crawl Stone Soup version 0.30.1 (webtiles) character file.

Game seed: 8804580881227278722

32319 Graphine the Spry (level 13, -4/103 HPs)
             Began as a Merfolk Gladiator on July 10, 2023.
             Was a High Priest of the Shining One.
             Slain by a freezing wraith (11 damage)
             ... in an ice cave.
             The game lasted 00:45:17 (17226 turns).

Graphine the Spry (Merfolk Gladiator)              Turns: 17226, Time: 00:45:18

Health: -4/103     AC: 10    Str: 14    XL:     13   Next: 63%
Magic:  17/17      EV: 18    Int: 10    God:    the Shining One [*****.]
Gold:   53         SH:  0    Dex: 16    Spells: 12/12 levels left

rFire   + . .        o - +4 scimitar (flame)
rCold   + . .        B - +0 kite shield
rNeg    + + .        d - +0 troll leather armour
rPois   +            c - +1 helmet
rElec   +            v - +2 cloak
rCorr   +            (no gloves)
SInv    .            (no boots)
Will    .....        (no amulet)
Stlth   +            D - ring of flight
HPRegen 1.17/turn    (no ring)
MPRegen 0.15/turn

%: no passive effects
@: confused, resistant, ambrosia-drunk, flying, glowing
A: (nimble swimmer 2), mertail, dopey 1, low MP 1
a: Renounce Religion, Divine Shield, Cleansing Flame, Summon Divine Warrior


You were in an ice cave.
You worshipped the Shining One.
The Shining One was extremely pleased with you.
You visited 1 branch of the dungeon, and saw 14 of its levels.
You also visited: Ice Cave.

You collected 716 gold pieces.
You spent 663 gold pieces at shops.

Inventory:

Hand Weapons
 o - a +4 scimitar of flaming (weapon)
 G - a +0 falchion of venom
 M - the +5 sling "Demonbane" {speed, Will+ rCorr Str+6 Dex-4}
   (You found it on level 9 of the Dungeon)

   Str:       It affects your strength (+6).
   Dex:       It affects your dexterity (-4).
   rCorr:     It protects you from acid and corrosion.
   Will:      It increases your willpower.
 R - a +8 falchion of holy wrath
Missiles
 e - a javelin (quivered)
 y - 14 boomerangs of dispersal
 z - a throwing net
Armour
 c - a +1 helmet (worn)
 d - a +0 troll leather armour (worn)
 g - a scarf of shadows
 v - a +2 cloak (worn)
 B - a +0 kite shield (worn)
 K - +4 fire dragon scales
Magical Staves
 a - a staff of conjuration
Jewellery
 x - a ring of fire
 D - a ring of flight (left hand)
 H - a ring of positive energy
 Q - the ring "Namolidd" {rF- rC- Str+4 Int+8 Dex+6}
   (You found it on level 12 of the Dungeon)

   [ring of dexterity]

   Str:       It affects your strength (+4).
   Int:       It affects your intelligence (+8).
   Dex:       It affects your dexterity (+6).
   rF:        It makes you vulnerable to fire.
   rC:        It makes you vulnerable to cold.
Wands
 n - a wand of flame (8)
 r - a wand of polymorph (9)
 F - a wand of charming (3)
Scrolls
 j - 7 scrolls of teleportation
 s - 3 scrolls of fog
 u - a scroll of poison
 w - a scroll of blinking
 C - 2 scrolls of immolation
 I - 6 scrolls of fear
 O - 3 scrolls of identify
Potions
 b - 3 potions of brilliance
 f - 4 potions of attraction
 i - 3 potions of curing
 k - 4 potions of lignification
 l - 7 potions of flight
 m - 3 potions of haste
 p - 3 potions of resistance
 q - a potion of ambrosia
 A - 2 potions of invisibility
 E - a potion of mutation
 N - 2 potions of cancellation
Miscellaneous
 h - a piece from Xom's chessboard (15/15)
 t - a box of beasts
 L - a lightning rod (3/4)
 P - a phantom mirror


   Skills:
 - Level 10.0 Fighting
 - Level 15.0 Long Blades
 - Level 2.0 Throwing
 - Level 4.0 Armour
 - Level 15.0 Dodging
 - Level 10.0 Shields
 + Level 7.9 Invocations


You had 12 spell levels left.
You didn't know any spells.
Your spell library contained the following spells:

 Spells                   Type           Power      Damage    Failure   Level
 Apportation              Tloc           0%         N/A       73%         1
 Blink                    Tloc           0%         N/A       86%         2
 Ensorcelled Hibernation  Hex/Ice        0%         N/A       86%         2
 Sublimation of Blood     Necr           0%         N/A       86%         2
 Hailstorm                Conj/Ice       0%         3d3       97%         3
 Inner Flame              Hex/Fire       0%         N/A       97%         3
 Spider Form              Tmut/Pois      0%         N/A       97%         3
 Anguish                  Hex/Necr       0%         N/A       100%        4
 Flame Wave               Conj/Fire      0%         2d4       100%        4
 Ice Form                 Ice/Tmut       0%         N/A       100%        4
 Manifold Assault         Tloc           0%         N/A       100%        4
 Petrify                  Tmut/Erth      0%         N/A       100%        4
 Sticky Flame             Conj/Fire      0%         2d3       100%        4
 Alistair's Intoxication  Tmut/Pois      0%         N/A       100%        5
 Irradiate                Conj/Tmut      0%         3d11      100%        5
 Simulacrum               Ice/Necr       0%         N/A       100%        6
 Storm Form               Tmut/Air       0%         N/A       100%        7
 Summon Horrible Things   Summ           0%         N/A       100%        8


Dungeon Overview and Level Annotations

Branches:
Dungeon (14/15)            Temple (0/1) D:4            Lair (0/5) D:10
    Orc (0/2) D:10          IceCv (1/1)
 Vaults: D:13-14

Altars:
Fedhas
Vehumet
Yredelemnul
The Shining One

Shops:
D:1 ((   D:6 =


Innate Abilities, Weirdness & Mutations

((You are very nimble when in or above water. (Stealth+, EV+, Speed+++)))
Your lower body shifts to a powerful aquatic tail in water.
You are dopey. (Int -2)
Your magical capacity is low. (-10% MP)


Message History

You block the freezing wraith's attack. The freezing wraith closely misses you.
You slash the dire elephant simulacrum!
You melt the dire elephant simulacrum.
The dire elephant simulacrum is heavily damaged.
The freezing wraith closely misses you. The freezing wraith misses you.
The dire elephant simulacrum barely misses you.
The dire elephant simulacrum trunk-slaps you but does no damage.
You slash the dire elephant simulacrum!
You melt the dire elephant simulacrum.
The dire elephant simulacrum is almost destroyed.
The freezing wraith hits you but does no damage.
The freezing wraith closely misses you.
You slash the dire elephant simulacrum!
You melt the dire elephant simulacrum.
The dire elephant simulacrum vaporises!
The Shining One accepts your kill.
You hit the dire elephant simulacrum.
You melt the dire elephant simulacrum.
The dire elephant simulacrum is lightly damaged.
You block the freezing wraith's attack. x2
The dire elephant simulacrum tramples you!!
You are shoved backwards!
You slash the dire elephant simulacrum!
You melt the dire elephant simulacrum.
The dire elephant simulacrum is heavily damaged.
The freezing wraith completely misses you.
The freezing wraith closely misses you.
You hit the dire elephant simulacrum.
You melt the dire elephant simulacrum.
The dire elephant simulacrum is severely damaged.
The dire elephant simulacrum tramples you but does no damage.
The dire elephant simulacrum trunk-slaps you.
The dire elephant simulacrum freezes you!
You resist. The freezing wraith closely misses you.
The freezing wraith hits you.
You are confused.
You feel invigorated.
The dire elephant simulacrum completely misses you.
The dire elephant simulacrum trunk-slaps you.
The dire elephant simulacrum freezes you!!
You resist.
* * * LOW HITPOINT WARNING * * *
The freezing wraith hits you!
* * * LOW HITPOINT WARNING * * *
The freezing wraith freezes you! You resist.
You die...

#####
##...##
##..∩..##
#.......#
#...∩Z..#
##...Z@##
##.°W##
#...#
##...
#...#
...##
...## ..#


You could see a freezing wraith, a dire elephant simulacrum and a lindwurm
simulacrum.

Vanquished Creatures
  The ghost of Zippel the Ogre Mage, a journeyman OgWn of Qazlal (D:12)
  7 centaur warriors
  A boulder beetle (D:13)
  7 two-headed ogres
  2 deep elf pyromancers (D:9)
  3 ugly things
  5 cyclopes
  5 manticores
  A gargoyle (D:11)
  An efreet (D:9)
  A kobold demonologist (D:10)
  3 komodo dragons
  A polar bear (shapeshifter) (D:9)
  A freezing wraith (D:11)
  3 trolls
  2 hornets
  8 slime creatures
  Sigmund (D:3)
  2 wraiths (D:12)
  4 wyverns
  12 yaks
  A vampire (D:11)
  2 shadows
  A dire elephant simulacrum (IceCv)
  A basilisk (D:10)
  A steam dragon (D:9)
  3 neqoxecs (D:12)
  Menkaure (D:7)
  11 vampire mosquitoes
  An acid dragon (D:10)
  3 water moccasins
  An ogre (D:6)
  9 orc warriors
  5 black bears
  2 ice beasts
  A sky beast (D:7)
  12 centaurs
  3 phantoms
  Blork the orc (D:5)
  6 kobold brigands
  5 bullfrogs
  3 gnoll sergeants
  2 scorpions (D:7)
  5 killer bees
  A howler monkey (D:10)
  2 quasits (D:12)
  13 orc priests
  3 hounds
  Crazy Yiuf (D:5)
  Natasha (thrice) (D:3)
  3 gnoll boudas
  Jessica (D:3)
  4 iguanas
  Ijyb (D:5)
  Terence (D:2)
  9 orc wizards
  A sleepcap (D:6)
  18 gnolls
  7 adders
  2 ufetubi
  3 dart slugs
  39 orcs
  10 ball pythons
  5 bats (D:1)
  4 endoplasms
  5 giant cockroaches
  9 hobgoblins
  2 jackals (D:5)
  3 quokkas
  4 frilled lizards
  5 goblins
  15 kobolds
  7 rats
332 creatures vanquished.

Vanquished Creatures (collateral kills)
  Erica (D:11)
  An ice statue (D:14)
  A troll (D:11)
3 creatures vanquished.

Grand Total: 335 creatures vanquished

Notes
Turn   | Place    | Note
-------+----------+-------------------------------------------
     0 | D:1      | Graphine the Merfolk Gladiator began the quest for the Orb.
     0 | D:1      | Reached XP level 1. HP: 16/16 MP: 1/1
    11 | D:1      | Got the Anthology of the Retinue and the Snowflakes
   120 | D:1      | Found Retaegh's Weapon Boutique.
   131 | D:1      | Reached XP level 2. HP: 23/23 MP: 2/2
   443 | D:1      | Reached XP level 3. HP: 25/28 MP: 3/3
   551 | D:1      | Found Ichefeg's Antique Weapon Shop.
   845 | D:2      | Noticed Terence
   851 | D:2      | Reached skill level 1 in Armour
   857 | D:2      | Killed Terence
   858 | D:2      | Reached XP level 4. HP: 35/35 MP: 4/4
   877 | D:2      | Found a faded altar of an unknown god.
  1175 | D:2      | Found a glowing golden altar of the Shining One.
  1317 | D:2      | Became a worshipper of the Shining One
  1379 | D:3      | Noticed Jessica
  1387 | D:3      | Killed Jessica
  1649 | D:3      | Reached skill level 5 in Dodging
  1649 | D:3      | Reached XP level 5. HP: 39/41 MP: 5/5
  1746 | D:3      | Found a radiant altar of Vehumet.
  1815 | D:3      | Noticed Sigmund
  1838 | D:3      | Killed Sigmund
  1839 | D:3      | Reached skill level 5 in Long Blades
  1839 | D:3      | Reached XP level 6. HP: 32/48 MP: 6/6
  2310 | D:3      | Noticed Natasha
  2328 | D:3      | Killed Natasha
  2361 | D:3      | Noticed Natasha
  2367 | D:3      | Killed Natasha
  2511 | D:3      | Noticed Natasha
  2522 | D:3      | Killed Natasha
  2770 | D:4      | Found a staircase to the Ecumenical Temple.
  2898 | D:4      | Reached XP level 7. HP: 55/55 MP: 7/7
  3074 | D:4      | Found a blossoming altar of Fedhas.
  3933 | D:5      | Entered Level 5 of the Dungeon
  4031 | D:5      | Reached * piety under the Shining One
  4076 | D:5      | Reached skill level 5 in Fighting
  4191 | D:5      | Found a runed translucent door.
  4192 | D:5      | Noticed Crazy Yiuf
  4267 | D:5      | Reached XP level 8. HP: 38/62 MP: 8/8
  4665 | D:5      | Noticed Blork the orc
  4672 | D:5      | Killed Blork the orc
  4918 | D:5      | Noticed Ijyb
  4925 | D:5      | Killed Ijyb
  5171 | D:5      | Killed Crazy Yiuf
  5826 | D:6      | Reached ** piety under the Shining One
  5905 | D:6      | Reached XP level 9. HP: 71/71 MP: 9/9
  5927 | D:6      | Found Riroih's Jewellery Emporium.
  6701 | D:7      | Found a basalt altar of Yredelemnul.
  7733 | D:7      | Noticed Menkaure
  7742 | D:7      | Killed Menkaure
  7891 | D:8      | Reached skill level 10 in Dodging
  8148 | D:8      | Reached XP level 10. HP: 70/80 MP: 10/10
  8570 | D:8      | Noticed a two-headed ogre
  8580 | D:8      | Killed a two-headed ogre
  8581 | D:8      | Reached skill level 10 in Long Blades
  9366 | D:9      | Noticed a two-headed ogre
  9381 | D:9      | Killed a two-headed ogre
  9382 | D:9      | Reached skill level 1 in Shields
 10357 | D:9      | Noticed a manticore
 10364 | D:9      | Killed a manticore
 10368 | D:9      | Noticed a two-headed ogre
 10372 | D:9      | Noticed a centaur warrior
 10378 | D:9      | HP: 4/83 [centaur warrior/arrow (25)]
 10387 | D:9      | Killed a centaur warrior
 10391 | D:9      | Killed a two-headed ogre
 10392 | D:9      | Reached XP level 11. HP: 71/90 MP: 11/11
 10396 | D:9      | Noticed a cyclops
 10544 | D:9      | Reached skill level 10 in Fighting
 10555 | D:9      | Killed a cyclops
 10751 | D:9      | Noticed a purple ugly thing
 10762 | D:9      | Killed a purple ugly thing
 10950 | D:9      | Noticed a manticore
 10950 | D:9      | Reached *** piety under the Shining One
 10950 | D:9      | Noticed a cyclops
 10967 | D:9      | Killed a manticore
 10968 | D:9      | Noticed a deep elf pyromancer
 10968 | D:9      | Noticed a deep elf pyromancer
 10973 | D:9      | Killed a cyclops
 10989 | D:9      | Killed a deep elf pyromancer
 10990 | D:9      | Reached skill level 5 in Shields
 10996 | D:9      | Killed a deep elf pyromancer
 11000 | D:9      | Identified the staff of death "Kyto" {Contam rN+ Int+6
                  | SInv}
 11002 | D:9      | Identified the +5 sling "Demonbane" {speed, Will+ rCorr
                  | Str+6 Dex-4}
 11297 | D:9      | Noticed a manticore
 11301 | D:9      | Noticed a white ugly thing
 11301 | D:9      | Noticed a centaur warrior
 11304 | D:9      | Killed a white ugly thing
 11308 | D:9      | Killed a centaur warrior
 11309 | D:9      | Killed a manticore
 11598 | D:10     | Entered Level 10 of the Dungeon
 11764 | D:10     | Reached XP level 12. HP: 86/97 MP: 12/12
 11961 | D:10     | Found a staircase to the Orcish Mines.
 12132 | D:10     | Reached **** piety under the Shining One
 12345 | D:10     | Found a staircase to the Lair.
 12971 | D:11     | Noticed Erica
 12989 | D:11     | Killed Erica
 12991 | D:11     | Was placed under penance by the Shining One
 13400 | D:11     | Noticed a two-headed ogre
 13409 | D:11     | Noticed a centaur warrior
 13421 | D:11     | Killed a two-headed ogre
 13445 | D:11     | Killed a centaur warrior
 13446 | D:11     | Reached skill level 15 in Dodging
 13835 | D:12     | Was forgiven by the Shining One
 14014 | D:12     | Found a transporter.
 14015 | D:12     | Noticed Zippel's ghost (journeyman OgWn)
 14026 | D:12     | Found a transporter.
 14317 | D:12     | Noticed a two-headed ogre
 14326 | D:12     | Killed a two-headed ogre
 14327 | D:12     | Reached XP level 13. HP: 95/103 MP: 13/13
 14845 | D:12     | Gained mutation: Your magical capacity is low. (-10% MP) [a
                  | neqoxec]
 14869 | D:12     | Killed Zippel's ghost
 14870 | D:12     | Reached skill level 15 in Long Blades
 14874 | D:12     | Gained mutation: You are dopey. (Int -2) [a neqoxec]
 14879 | D:12     | Reached skill level 10 in Shields
 14895 | D:12     | Got the ring "Namolidd" {rF- rC- Str+4 Int+8 Dex+6}
 15381 | D:13     | Reached ***** piety under the Shining One
 15434 | D:13     | Reached skill level 5 in Invocations
 15898 | D:1      | Bought a +8 falchion of holy wrath for 663 gold pieces
 16228 | D:13     | HP: 3/103 [centaur warrior/arrow (14)]
 17178 | D:14     | Found a frozen archway.
 17178 | D:14     | Noticed an ice dragon
 17214 | IceCv    | Entered an ice cave
 17226 | IceCv    | Slain by a freezing wraith

Illustrated notes

Levels and vault maps discovered:
D:1:      roderic_crossed_star, layout_loops_cross, serial_shops,
          nicolae_shop_hallway_stairs, nicolae_shop_back_alley_shop,
          minmay_misc_feat_room
D:2:      layout_loops_ring, basic_altar, shapermc_ecumenical_altar_venn,
          uniq_terence
D:3:      layout_basic, lemuel_crystal_altar, serial_forest,
          infiniplex_forest_clump_small, infiniplex_forest_clump_long,
          infiniplex_forest_split, infiniplex_forest_join,
          infiniplex_forest_clump_tiny, infiniplex_forest_end_2,
          infiniplex_forest_end_double, infiniplex_forest_end_2, uniq_jessica,
          uniq_natasha, uniq_sigmund
D:4:      layout_cave_pods, kennysheep_little_box, temple_pool_b,
          grunt_decor_resistance, hangedman_abyss_or_decor_stabs,
          grunt_decor_cap
D:5:      layout_loops_cross, uniq_ijyb, uniq_blork_the_orc,
          uniq_crazy_yiuf_cottage
D:6:      layout_basic, serial_shops, nicolae_shop_hallway_plus,
          minmay_unpleasant_kobolds
D:7:      minmay_skewed_foursquare, layout_cave_pods,
          mainiacjoe_overflow_alcove_4, hangedman_decor_diamond_cutter,
          uniq_menkaure
D:8:      layout_cave_pods
D:9:      nzn_winding_woodlands_stair_cross
          [nzn_winding_woodlands_5x15_split_checker,
          nzn_winding_woodlands_center_pierced_h,
          nzn_winding_woodlands_5x15_sawtooth,
          nzn_winding_woodlands_5x5_open_star,
          nzn_winding_woodlands_5x5_checkerboard,
          nzn_winding_woodlands_5x15_river_crossing,
          nzn_winding_woodlands_center_triple_pond,
          nzn_winding_woodlands_5x15_crooked], layout_loops_ring,
          minmay_fractal_squares_gapless_7
D:10:     layout_rooms, david_lair_generic, david_orc_1_choice, serial_glass,
          glass_columns_a, glass_columns_a, glass_columns_b, glass_columns_b,
          glass_columns_a, glass_columns_a
D:11:     minmay_opposing_rooms, layout_basic, uniq_erica
D:12:     layout_roguey, gammafunk_ghost_stat_death
D:13:     layout_cave_pods
D:14:     layout_irregular_city, hangedman_vaults_entry_quadrant_bands,
          portal_ice_cave_entry_ice_statue_two, corexii_leaking_fountain,
          uniq_snorg
IceCv:    ice_cave_small_necro

Skill      XL: |  1  2  3  4  5  6  7  8  9 10 11 12 13 |
---------------+----------------------------------------+-----
Long Blades    | 4 5 6 7 9 11 12 14 15 | 15.0
Armour         | 1 2 3 4 |  4.0
Fighting       | 3 4 5 6 8 9 10 | 10.0
Dodging        | 5 6 7 8 10 11 13 15 | 15.0
Shields        | 3 6 9 10 | 10.0
Invocations    | 7 |  7.9
Throwing       | |  2.0

Action                     |  1- 3 |  4- 6 |  7- 9 | 10-12 | 13-15 || total
---------------------------+-------+-------+-------+-------+-------++-------
  Melee: Long sword        |    79 |   151 |   416 |    65 |       ||   711
         Punch             |       |     2 |    12 |     1 |       ||    15
         Falchion          |       |       |       |    49 |     1 ||    50
         Scimitar          |       |       |       |   357 |   223 ||   580
   Fire: Sling             |       |       |       |    73 |    29 ||   102
  Throw: Throwing net      |     1 |       |     2 |     3 |     1 ||     7
  Evoke: Wand              |       |     5 |    13 |    19 |    11 ||    48
         Lightning rod     |       |       |       |     5 |     3 ||     8
         Box of beasts     |       |       |       |     1 |       ||     1
         Piece from Xom's  |       |       |       |       |     2 ||     2
         Phantom mirror    |       |       |       |       |     1 ||     1
    Use: Scroll            |       |     5 |    14 |    11 |     5 ||    35
         Potion            |       |       |     1 |     7 |     5 ||    13
   Stab: Sleeping          |     3 |       |       |       |       ||     3
 Armour: Leather armour    |    20 |    44 |    33 |       |       ||    97
         Robe              |       |       |    89 |    65 |       ||   154
         Fire dragon scale |       |       |       |    47 |    75 ||   122
         Troll leather arm |       |       |       |       |     4 ||     4
  Dodge: Dodged            |    51 |    95 |   333 |   342 |   145 ||   966
  Block: Kite shield       |       |       |       |   216 |   146 ||   362
